 Zot Defence DCSS version 0.15.2 (webtiles) character file.

711 greprep the Fey Minotaur (level 7, -2/31 (60) HPs)
             Began as a Minotaur Death Knight on Apr 29, 2017.
             Was a Believer of Yredelemnul.
             Slain by an orc warrior
             ... wielding a +0 halberd
              (8 damage)
             ... in the Realm of Zot (Scenario I: Hall of Zot).
             The game lasted 00:13:11 (852 turns).

greprep the Fey Minotaur (Minotaur Death Knight)     Turns: 852, Time: 00:13:11

HP  -2/31 (60)   AC  3     Str 19      XL: 7   Next: 40%
MP   7/11        EV 12     Int  8      God: Yredelemnul [**....]
Gold 0           SH  0     Dex 10      Spells:  0 memorised,  6 levels left

rFire  . . .     SeeInvis .     a - +1 falchion
rCold  . . .     Clarity  .     b - +0 leather armour
rNeg   . . .     rCorr    .     (no shield)
rPois  .         rRot     .     (helmet restricted)
rElec  .         Spirit   .     (no cloak)
SustAb .         Warding  .     (no gloves)
rMut   .         Stasis   .     (no boots)
Gourm  .                        (no amulet)
MR     .....                    (no ring)
                                (no ring)

@: not resistant to hostile enchantments, very unstealthy
A: retaliatory headbutt, horns 2
a: Make oklob sapling, Make arrow trap, Make plant, Remove Curse, Make burning
bush, Make altar, Make grenades, Make oklob plant, Animate Remains, Recall
Undead Slaves, Injury Mirror, Renounce Religion


You were in the Realm of Zot.
You worshipped Yredelemnul.
Yredelemnul was pleased with you.
You were not hungry.

You visited 1 branch

Inventory:

Hand weapons
 a - a +1 falchion (weapon)
 e - a +0 club
 i - a +0 glaive
 j - a +0 dagger
Armour
 b - a +0 leather armour (worn)
 k - a +0 chain mail
Comestibles
 d - a bread ration
Potions
 c - 2 potions of curing
 f - a potion of haste
 g - 2 potions of magic
 h - a potion of berserk rage


   Skills:
 + Level 4.3 Fighting
 + Level 4.6 Long Blades
 + Level 3.2 Armour
 + Level 2.9 Dodging
 + Level 6.2 Invocations


You had 6 spell levels left.
You didn't know any spells.

Dungeon Overview and Level Annotations

Branches:
    Zot (1/1)

Altars:


Innate Abilities, Weirdness & Mutations

You reflexively headbutt those who attack you in melee.
You have a pair of horns on your head.


Message History

The orc warrior hits you from afar with a halberd!
You hear an ominous buzzing.
You hit the big kobold.
The big kobold is severely wounded.
Your oklob sapling spits acid at the orc warrior.
The splash of acid hits the orc warrior.
The acid corrodes the orc warrior's equipment!
The big kobold hits you with a dagger.
You hit the big kobold.
The big kobold is severely wounded.
The orc warrior hits you from afar with a halberd.
* * * LOW HITPOINT WARNING * * *
The big kobold misses you. You furiously retaliate!
You headbutt the big kobold. The ooze hits you.
* * * LOW HITPOINT WARNING * * *
Drink which item? (? for menu, Esc to quit)
You feel better.
The orc warrior hits you from afar with a halberd!
You die...
Your body rises from the dead as a mindless zombie.

######### ######### ....####
####.... .......### ###.......
.........## ##.........
..........# ▓▓▓▓▓▓▓▓▓ #..........
..........▓▓▓.......▓▓▓..........
..........▓▓.........▓▓..........
..........▓.....PJ....▓))........
........P.)J).))@Ko.%)...........
..........▓.....PP....▓..........
..........▓▓.........▓▓..........
..........▓▓▓.......▓▓▓..........
..........▓ ▓▓▓▓▓▓▓▓▓ ▓..........
.........▓▓ ▓▓.........
.......▓▓▓ ▓▓▓....... ....▓▓▓▓
▓▓▓▓.... ▓▓▓▓▓▓▓▓ ▓▓▓▓▓▓▓▓


You could see an orc warrior, a big kobold, 2 oozes, a friendly burning bush and
3 friendly oklob saplings.

Vanquished Creatures
  An orc warrior (Zot)
  A hound (Zot)
  3 worms (Zot)
  7 oozes (Zot)
  4 bats (Zot)
  A goblin (Zot)
  A jackal (Zot)
  2 ball pythons (Zot)
  A giant newt (Zot)
  2 kobolds (Zot)
  3 rats (Zot)
26 creatures vanquished.

Vanquished Creatures (collateral kills)
  A phantom (Zot)
  2 iguanas (Zot)
  An adder (Zot)
  A worm (Zot)
  A giant gecko (Zot)
  An ooze (Zot)
  3 ball pythons (Zot)
  5 bats (Zot)
  5 giant cockroaches (Zot)
  4 hobgoblins (Zot)
  A jackal (Zot)
  3 kobolds (Zot)
  2 giant newts (Zot)
  A giant spore (Zot)
  6 goblins (Zot)
  10 rats (Zot)
47 creatures vanquished.

Vanquished Creatures (others)
  Sigmund (Zot)
  An orc zombie (Zot)
  2 worm zombies (Zot)
  A bat zombie (Zot)
  A giant cockroach zombie (Zot)
  A giant newt skeleton (Zot)
  2 giant newt zombies (Zot)
  A goblin zombie (Zot)
  A jackal zombie (Zot)
  3 kobold zombies (Zot)
  A rat zombie (Zot)
  A plant (Zot)
16 creatures vanquished.

Grand Total: 89 creatures vanquished

Notes
Turn   | Place    | Note
--------------------------------------------------------------
     0 | Zot      | greprep, the Minotaur Death Knight, began the quest for the Orb.
     0 | Zot      | Reached XP level 1. HP: 18/18 MP: 1/1
   209 | Zot      | Reached skill level 3 in Invocations
   217 | Zot      | Reached XP level 2. HP: 22/25 MP: 1/2
   253 | Zot      | Reached XP level 3. HP: 12/30 MP: 4/4
   337 | Zot      | Reached skill level 4 in Invocations
   337 | Zot      | Reached XP level 4. HP: 33/38 MP: 5/5
   418 | Zot      | Reached XP level 5. HP: 37/45 MP: 2/6
   509 | Zot      | Acquired Yredelemnul's second power
   641 | Zot      | Noticed Uhoohit
   660 | Zot      | Killed Uhoohit the phantom
   660 | Zot      | Reached skill level 5 in Invocations
   660 | Zot      | Reached XP level 6. HP: 26/52 MP: 6/8
   739 | Zot      | Noticed Sigmund
   760 | Zot      | Killed Sigmund
   806 | Zot      | Reached XP level 7. HP: 30/30 MP: 3/10
   823 | Zot      | Reached skill level 6 in Invocations
   851 | Zot      | HP: 1/31 [ooze (5)]
   852 | Zot      | Slain by an orc warrior

Action                   |  1- 3 |  4- 6 |  7- 9 || total
-------------------------+-------+-------+-------++-------
Melee: Falchion          |    28 |    43 |     9 ||    80
Invok: Animate Remains   |       |    18 |     1 ||    19
 Abil: Make oklob saplin |     1 |     2 |       ||     3
       Make plant        |       |     1 |       ||     1
       Make burning bush |       |     1 |       ||     1
  Use: Potion            |     1 |       |     1 ||     2
       Scroll            |       |     1 |       ||     1
 Stab: Distracted        |     1 |     2 |       ||     3
